[ AOE2 MATCH · #478956530 ]
Team RMBurgundians vs Franks
[ REPLAY ANALYSIS · EXTRACTED FROM THE RECORDED GAME ]
Feudal
14:49
Castle
27:30
Imperial
—
| APM avg | 18.7 |
| APM peak | 39 |
| eAPM avg | 11.1 |
| Villagers / military | 61 / 25 |
Focus
⚔️ 27.0% · 🌾 73.0%
Knight ×25
Feudal
14:53
Castle
20:54
Imperial
—
| APM avg | 25.7 |
| APM peak | 55 |
| eAPM avg | 13.3 |
| Villagers / military | 120 / 101 |
Focus
⚔️ 19.6% · 🌾 80.4%
Camel Scout ×82 · Armored Elephant ×8 · Scout Cavalry ×5 · Mangonel ×4 · Scorpion ×2
Feudal
15:54
Castle
31:13
Imperial
—
| APM avg | 13.5 |
| APM peak | 28 |
| eAPM avg | 8.6 |
| Villagers / military | 66 / 30 |
Focus
⚔️ 21.7% · 🌾 78.3%
Spearman ×9 · Konnik ×9 · Militia ×5 · Knight ×5 · Scout Cavalry ×2
Feudal
16:46
Castle
21:56
Imperial
35:33
| APM avg | 11.4 |
| APM peak | 31 |
| eAPM avg | 8.8 |
| Villagers / military | 80 / 29 |
Focus
⚔️ 24.8% · 🌾 75.2%
Knight ×12 · Throwing Axeman ×11 · Trebuchet (Packed) ×6
Match map
Resources at game start + every placement click. Thick line = wall · dashed box = detected house wall. 🟡 gold · ⚪ stone · 🟢 berries · 🔶 boar · ⭕ relic
Inputs per minute
— Wollof_08 / German Girl - - Sunset
Build order — Wollof_08 / German Girl
142 actions detected in the replay
| 0:33 | Build | Town Center |
| 2:48 | Research | Wheelbarrow |
| 2:48 | Create | Villager (Male) |
| 3:28 | Build | House |
| 3:29 | Build | House |
| 3:31 | Build | House |
| 3:32 | Build | House |
| 3:50 | Create | Villager (Male) |
| 3:51 | Create | Villager (Male) |
| 4:28 | Create | Villager (Male) |
| 5:19 | Create | Villager (Male) |
| 5:19 | Create | Villager (Male) |
| 5:45 | Create | Villager (Male) |
| 5:45 | Create | Villager (Male) |
| 6:11 | Create | Villager (Male) |
| 6:39 | Create | Villager (Male) |
| 7:08 | Create | Villager (Male) |
| 7:09 | Create | Villager (Male) |
| 7:34 | Create | Villager (Male) |
| 7:34 | Create | Villager (Male) |
| 7:35 | Create | Villager (Male) |
| 8:17 | Create | Villager (Male) |
| 8:17 | Create | Villager (Male) |
| 8:18 | Create | Villager (Male) |
| 8:56 | Create | Villager (Male) |
| 8:56 | Create | Villager (Male) |
| 9:11 | Research | Loom |
| 9:12 | Create | Villager (Male) |
| 9:12 | Create | Villager (Male) |
| 10:00 | Create | Villager (Male) |
| 10:08 | Build | Lumber Camp |
| 10:47 | Create | Villager (Male) |
| 10:47 | Create | Villager (Male) |
| 11:24 | Build | Mill |
| 11:34 | Build | Mill |
| 11:43 | Create | Villager (Male) |
| 11:54 | Create | Villager (Male) |
| 12:36 | Create | Villager (Male) |
| 12:39 | Research | Feudal Age |
| 13:00 | Build | House |
| 13:06 | Build | House |
| 13:14 | Create | Villager (Male) |
| 13:14 | Create | Villager (Male) |
| 13:14 | Create | Villager (Male) |
| 13:15 | Create | Villager (Male) |
| 14:17 | Research | Double-Bit Axe |
| 14:17 | Research | Double-Bit Axe |
| 14:49 | Age | Feudal Age |
| 14:54 | Create | Villager (Male) |
| 15:27 | Build | Stone Wall |
| 15:39 | Build | Building 487 |
| 15:43 | Create | Villager (Male) |
| 15:55 | Create | Villager (Male) |
| 15:56 | Create | Villager (Male) |
| 16:11 | Build | Mining Camp |
| 16:25 | Build | Stone Wall |
| 16:34 | Create | Villager (Male) |
| 16:42 | Research | Stone Mining |
| 17:15 | Create | Villager (Male) |
| 17:21 | Research | Hand Cart |
| 17:31 | Build | Market |
| 17:37 | Build | Blacksmith |
| 18:31 | Build | Barracks |
| 18:43 | Create | Villager (Male) |
| 18:57 | Create | Villager (Male) |
| 19:31 | Build | Stone Wall |
| 19:40 | Research | Bow Saw |
| 19:48 | Build | Stable |
| 19:54 | Create | Villager (Male) |
| 19:54 | Create | Villager (Male) |
| 21:55 | Create | Villager (Male) |
| 21:55 | Create | Villager (Male) |
| 21:55 | Create | Villager (Male) |
| 22:19 | Create | Villager (Male) |
| 22:57 | Create | Villager (Male) |
| 22:57 | Create | Villager (Male) |
| 23:09 | Create | Villager (Male) |
| 24:17 | Create | Villager (Male) |
| 24:31 | Research | Castle Age |
| 25:03 | Build | House |
| 25:05 | Build | House |
| 25:07 | Build | House |
| 25:08 | Build | House |
| 25:18 | Research | Stone Shaft Mining |
| 25:22 | Create | Villager (Male) |
| 25:23 | Create | Villager (Male) |
| 26:10 | Build | Stable |
| 26:14 | Build | Stable |
| 26:17 | Research | Scale Barding Armor |
| 26:18 | Research | Forging |
| 26:29 | Build | Mill |
| 26:51 | Create | Villager (Male) |
| 27:30 | Age | Castle Age |
| 27:33 | Create | Knight |
| 27:34 | Create | Knight |
| 27:34 | Create | Knight |
| 27:47 | Create | Knight |
| 27:47 | Create | Knight |
| 27:47 | Create | Knight |
| 27:48 | Create | Knight |
| 28:04 | Build | House |
| 28:08 | Build | House |
| 28:10 | Build | House |
| 28:11 | Build | House |
| 28:21 | Build | Castle |
| 29:10 | Create | Villager (Male) |
| 29:10 | Create | Villager (Male) |
| 29:10 | Create | Villager (Male) |
| 30:13 | Create | Knight |
| 30:13 | Create | Knight |
| 30:13 | Create | Knight |
| 30:13 | Create | Knight |
| 30:13 | Create | Knight |
| 30:54 | Build | Town Center |
| 31:21 | Build | Stone Wall |
| 31:31 | Build | Stone Wall |
| 31:43 | Build | Stone Wall |
| 31:48 | Create | Villager (Male) |
| 31:49 | Create | Villager (Male) |
| 31:49 | Create | Villager (Male) |
| 31:49 | Create | Villager (Male) |
| 31:49 | Create | Villager (Male) |
| 32:33 | Build | Mill |
| 33:18 | Create | Knight |
| 33:18 | Create | Knight |
| 33:18 | Create | Knight |
| 33:19 | Create | Knight |
| 33:32 | Create | Knight |
| 33:33 | Create | Knight |
| 33:33 | Create | Knight |
| 34:17 | Build | Stable |
| 34:18 | Build | Stable |
| 35:08 | Create | Knight |
| 35:08 | Create | Knight |
| 35:08 | Create | Knight |
| 35:08 | Create | Knight |
| 35:09 | Create | Knight |
| 35:09 | Create | Knight |
| 35:48 | Build | Farm |
| 35:50 | Build | Farm |
| 36:26 | Research | Husbandry |
| 36:27 | Research | Cavalier (upgrade) |
Build order — Sunset
First 150 of 283 actions detected
| 0:33 | Build | Town Center |
| 1:06 | Build | House |
| 2:55 | Create | Villager (Male) |
| 2:55 | Create | Villager (Male) |
| 2:55 | Create | Villager (Male) |
| 2:55 | Create | Villager (Male) |
| 2:56 | Create | Villager (Male) |
| 3:47 | Create | Villager (Male) |
| 3:48 | Create | Villager (Male) |
| 3:48 | Create | Villager (Male) |
| 4:33 | Create | Villager (Male) |
| 4:34 | Create | Villager (Male) |
| 5:08 | Build | Lumber Camp |
| 5:40 | Create | Villager (Male) |
| 5:40 | Create | Villager (Male) |
| 5:44 | Create | Villager (Male) |
| 5:45 | Create | Villager (Male) |
| 5:52 | Build | House |
| 6:09 | Create | Villager (Male) |
| 6:10 | Create | Villager (Male) |
| 6:10 | Create | Villager (Male) |
| 6:22 | Build | House |
| 6:28 | Create | Villager (Male) |
| 6:28 | Create | Villager (Male) |
| 6:53 | Build | House |
| 7:16 | Create | Villager (Male) |
| 7:17 | Create | Villager (Male) |
| 7:17 | Create | Villager (Male) |
| 7:17 | Create | Villager (Male) |
| 8:11 | Create | Villager (Male) |
| 8:12 | Create | Villager (Male) |
| 8:30 | Create | Villager (Male) |
| 8:30 | Create | Villager (Male) |
| 9:08 | Build | Mill |
| 9:19 | Build | Mill |
| 9:24 | Create | Villager (Male) |
| 9:52 | Create | Villager (Male) |
| 9:52 | Create | Villager (Male) |
| 11:00 | Create | Villager (Male) |
| 11:00 | Create | Villager (Male) |
| 11:01 | Create | Villager (Male) |
| 11:33 | Build | Mining Camp |
| 12:18 | Create | Villager (Male) |
| 12:32 | Research | Feudal Age |
| 12:46 | Build | Barracks |
| 12:57 | Build | Farm |
| 13:01 | Build | Farm |
| 13:10 | Build | Farm |
| 13:27 | Build | House |
| 13:56 | Build | House |
| 14:07 | Build | Outpost |
| 14:40 | Create | Villager (Male) |
| 14:40 | Create | Villager (Male) |
| 14:43 | Research | Loom |
| 14:53 | Age | Feudal Age |
| 15:05 | Build | Stable |
| 15:20 | Build | House |
| 15:46 | Create | Scout Cavalry |
| 15:47 | Create | Scout Cavalry |
| 15:47 | Create | Scout Cavalry |
| 16:54 | Build | Market |
| 17:17 | Create | Villager (Male) |
| 17:57 | Create | Scout Cavalry |
| 18:11 | Create | Villager (Male) |
| 18:14 | Research | Castle Age |
| 18:20 | Build | House |
| 18:28 | Research | Double-Bit Axe |
| 18:28 | Research | Double-Bit Axe |
| 18:40 | Build | Blacksmith |
| 19:03 | Build | House |
| 19:08 | Create | Scout Cavalry |
| 19:38 | Build | Farm |
| 19:38 | Build | Farm |
| 19:39 | Build | Farm |
| 19:39 | Build | Farm |
| 19:41 | Build | Farm |
| 19:51 | Build | House |
| 20:09 | Research | Bloodlines |
| 20:26 | Build | Stable |
| 20:54 | Age | Castle Age |
| 21:22 | Create | Villager (Male) |
| 21:22 | Create | Villager (Male) |
| 21:22 | Create | Villager (Male) |
| 21:23 | Create | Villager (Male) |
| 21:48 | Research | Husbandry |
| 21:49 | Create | Camel Scout |
| 21:49 | Create | Camel Scout |
| 22:00 | Create | Camel Scout |
| 22:00 | Create | Camel Scout |
| 22:47 | Research | Scale Barding Armor |
| 22:51 | Create | Villager (Male) |
| 22:51 | Create | Villager (Male) |
| 22:51 | Create | Villager (Male) |
| 23:05 | Build | Castle |
| 23:14 | Create | Villager (Male) |
| 23:15 | Create | Villager (Male) |
| 23:15 | Create | Villager (Male) |
| 23:40 | Research | Bow Saw |
| 23:46 | Research | Fletching |
| 24:12 | Build | Stone Wall |
| 24:19 | Build | Palisade Wall |
| 24:23 | Create | Villager (Male) |
| 24:24 | Create | Villager (Male) |
| 24:24 | Create | Villager (Male) |
| 24:42 | Create | Villager (Male) |
| 24:42 | Create | Villager (Male) |
| 24:43 | Create | Villager (Male) |
| 24:43 | Create | Villager (Male) |
| 25:02 | Build | Mining Camp |
| 25:18 | Create | Villager (Male) |
| 25:18 | Create | Villager (Male) |
| 25:18 | Create | Villager (Male) |
| 25:19 | Create | Villager (Male) |
| 25:19 | Create | Villager (Male) |
| 25:40 | Create | Camel Scout ×3 |
| 25:40 | Create | Camel Scout ×3 |
| 25:57 | Build | Siege Workshop |
| 26:32 | Research | Horse Collar |
| 26:34 | Create | Villager (Male) |
| 26:34 | Create | Villager (Male) |
| 26:44 | Build | Town Center |
| 27:32 | Create | Villager (Male) |
| 27:32 | Create | Villager (Male) |
| 27:35 | Research | Gold Mining |
| 27:57 | Create | Mangonel |
| 27:58 | Create | Mangonel |
| 27:58 | Create | Mangonel |
| 28:02 | Create | Armored Elephant |
| 28:11 | Build | Farm |
| 28:11 | Build | Farm |
| 28:12 | Build | Farm |
| 28:12 | Build | Farm |
| 28:12 | Build | Farm |
| 28:13 | Build | Farm |
| 28:13 | Build | Farm |
| 28:13 | Build | Farm |
| 28:13 | Build | Farm |
| 28:14 | Build | Farm |
| 28:14 | Build | Farm |
| 28:38 | Build | Farm |
| 28:58 | Create | Villager (Male) |
| 28:58 | Create | Villager (Male) |
| 29:10 | Build | Building 800 |
| 29:15 | Build | Farm |
| 29:15 | Create | Villager (Male) |
| 29:16 | Create | Villager (Male) |
| 29:16 | Create | Villager (Male) |
| 29:17 | Create | Villager (Male) |
| 29:17 | Create | Villager (Male) |
| 30:00 | Create | Armored Elephant |
Build order — iSorry
First 150 of 186 actions detected
| 1:21 | Build | Town Center |
| 3:10 | Create | Villager (Male) |
| 3:10 | Create | Villager (Male) |
| 3:17 | Build | House |
| 3:26 | Build | House |
| 3:50 | Create | Villager (Male) |
| 3:58 | Create | Villager (Male) |
| 4:44 | Create | Villager (Male) |
| 5:15 | Build | Lumber Camp |
| 5:23 | Create | Villager (Male) |
| 5:35 | Create | Villager (Male) |
| 6:16 | Research | Loom |
| 7:00 | Create | Villager (Male) |
| 7:23 | Create | Villager (Male) |
| 7:33 | Build | House |
| 7:43 | Create | Villager (Male) |
| 7:59 | Create | Villager (Male) |
| 8:09 | Create | Villager (Male) |
| 8:41 | Create | Villager (Male) |
| 9:12 | Create | Villager (Male) |
| 9:33 | Create | Villager (Male) |
| 9:49 | Build | House |
| 9:55 | Create | Villager (Male) |
| 10:27 | Create | Villager (Male) |
| 10:58 | Create | Villager (Male) |
| 11:33 | Build | Mill |
| 11:34 | Create | Villager (Male) |
| 11:57 | Create | Villager (Male) |
| 12:18 | Create | Villager (Male) |
| 12:36 | Build | House |
| 12:39 | Build | Farm |
| 12:40 | Build | Farm |
| 12:50 | Create | Villager (Male) |
| 13:18 | Create | Villager (Male) |
| 13:44 | Research | Feudal Age |
| 14:13 | Build | Barracks |
| 14:33 | Build | Farm |
| 14:35 | Build | Farm |
| 14:37 | Build | Farm |
| 14:45 | Create | Villager (Male) |
| 15:03 | Build | Mining Camp |
| 15:07 | Create | Villager (Male) |
| 15:25 | Create | Militia |
| 15:26 | Create | Militia |
| 15:34 | Build | House |
| 15:37 | Create | Villager (Male) |
| 15:54 | Age | Feudal Age |
| 16:00 | Research | Town Watch |
| 16:04 | Research | Double-Bit Axe |
| 16:07 | Research | Horse Collar |
| 16:45 | Create | Militia |
| 16:45 | Create | Militia |
| 16:51 | Create | Villager (Male) |
| 17:03 | Build | Stable |
| 17:07 | Create | Villager (Male) |
| 17:13 | Build | House |
| 17:20 | Create | Villager (Male) |
| 17:47 | Create | Villager (Male) |
| 17:49 | Research | Bloodlines |
| 17:50 | Create | Scout Cavalry |
| 18:05 | Create | Villager (Male) |
| 18:41 | Create | Villager (Male) |
| 18:47 | Build | Farm |
| 18:47 | Build | Farm |
| 18:48 | Build | Farm |
| 18:48 | Build | Farm |
| 18:48 | Build | Farm |
| 18:49 | Build | Farm |
| 18:57 | Create | Villager (Male) |
| 19:09 | Build | House |
| 19:11 | Build | House |
| 19:38 | Create | Villager (Male) |
| 20:42 | Build | Stone Wall |
| 21:07 | Create | Villager (Male) |
| 21:11 | Build | House |
| 21:14 | Create | Villager (Male) |
| 21:24 | Research | Stone Mining |
| 21:24 | Research | Gold Mining |
| 21:28 | Create | Scout Cavalry |
| 21:49 | Build | House |
| 21:58 | Build | Building 487 |
| 22:08 | Create | Spearman |
| 22:09 | Create | Spearman |
| 22:25 | Build | Stone Wall |
| 22:30 | Build | House |
| 22:32 | Create | Villager (Male) |
| 23:00 | Create | Villager (Male) |
| 23:15 | Build | House |
| 23:19 | Create | Villager (Male) |
| 23:41 | Build | Market |
| 23:45 | Build | Blacksmith |
| 23:58 | Build | House |
| 24:02 | Create | Villager (Male) |
| 24:03 | Research | Wheelbarrow |
| 24:11 | Create | Villager (Male) |
| 24:20 | Build | Stable |
| 24:25 | Build | House |
| 24:27 | Build | House |
| 24:32 | Build | House |
| 24:35 | Create | Villager (Male) |
| 24:51 | Build | Lumber Camp |
| 25:27 | Build | Mill |
| 25:28 | Build | Farm |
| 25:28 | Build | Farm |
| 25:29 | Build | Farm |
| 25:29 | Build | Farm |
| 25:29 | Build | Farm |
| 25:29 | Build | Farm |
| 25:29 | Build | Farm |
| 25:30 | Build | Farm |
| 25:34 | Create | Villager (Male) |
| 25:43 | Build | House |
| 25:45 | Build | House |
| 25:47 | Build | House |
| 25:48 | Build | House |
| 25:51 | Build | Stone Wall |
| 26:26 | Build | House |
| 26:32 | Build | Building 490 |
| 26:42 | Build | Stable |
| 26:46 | Build | Archery Range |
| 26:52 | Create | Spearman |
| 26:52 | Create | Spearman |
| 26:52 | Create | Spearman |
| 27:25 | Create | Villager (Male) |
| 27:38 | Build | House |
| 28:06 | Build | Farm |
| 28:26 | Build | Mining Camp |
| 28:33 | Research | Castle Age |
| 29:01 | Create | Spearman |
| 29:01 | Create | Spearman |
| 29:32 | Create | Villager (Male) |
| 30:29 | Build | Building 490 |
| 30:31 | Build | House |
| 31:13 | Age | Castle Age |
| 31:14 | Create | Knight |
| 31:15 | Create | Knight |
| 31:15 | Create | Knight |
| 31:19 | Create | Knight |
| 31:19 | Create | Knight |
| 31:24 | Research | Pikeman (upgrade) |
| 31:27 | Research | Forging |
| 31:29 | Research | Fletching |
| 31:50 | Build | Castle |
| 32:07 | Build | Mining Camp |
| 32:40 | Create | Villager (Male) |
| 32:43 | Research | Husbandry |
| 33:06 | Create | Villager (Male) |
| 33:13 | Build | Town Center |
| 33:23 | Create | Spearman |
| 33:24 | Create | Militia |
Build order — 西安兰花
First 150 of 196 actions detected
| 0:47 | Build | Town Center |
| 1:26 | Build | House |
| 3:01 | Create | Villager (Male) |
| 3:02 | Create | Villager (Male) |
| 3:02 | Create | Villager (Male) |
| 3:02 | Create | Villager (Male) |
| 4:23 | Build | House |
| 4:30 | Create | Villager (Male) |
| 4:30 | Create | Villager (Male) |
| 5:21 | Create | Villager (Male) |
| 5:21 | Create | Villager (Male) |
| 5:38 | Build | Outpost |
| 5:47 | Create | Villager (Male) |
| 5:47 | Create | Villager (Male) |
| 6:24 | Build | Mill |
| 7:27 | Create | Villager (Male) |
| 7:27 | Create | Villager (Male) |
| 7:27 | Create | Villager (Male) |
| 7:27 | Create | Villager (Male) |
| 8:23 | Create | Villager (Male) |
| 8:24 | Create | Villager (Male) |
| 9:15 | Create | Villager (Male) |
| 9:29 | Create | Villager (Male) |
| 10:27 | Build | House |
| 10:28 | Build | House |
| 10:29 | Build | House |
| 10:32 | Build | House |
| 11:02 | Create | Villager (Male) |
| 11:02 | Create | Villager (Male) |
| 11:07 | Create | Villager (Male) |
| 11:56 | Create | Villager (Male) |
| 11:56 | Create | Villager (Male) |
| 11:59 | Create | Villager (Male) |
| 12:07 | Build | House |
| 12:08 | Build | House |
| 12:10 | Build | House |
| 12:18 | Create | Villager (Male) |
| 12:19 | Create | Villager (Male) |
| 13:34 | Build | Mining Camp |
| 14:11 | Create | Villager (Male) |
| 14:12 | Create | Villager (Male) |
| 14:36 | Research | Feudal Age |
| 14:41 | Research | Loom |
| 15:04 | Create | Villager (Male) |
| 15:05 | Create | Villager (Male) |
| 15:05 | Create | Villager (Male) |
| 15:12 | Build | Farm |
| 15:13 | Build | Farm |
| 15:14 | Build | Farm |
| 15:16 | Build | Farm |
| 15:18 | Build | Farm |
| 16:04 | Build | Farm |
| 16:04 | Build | Farm |
| 16:05 | Build | Farm |
| 16:06 | Build | Farm |
| 16:07 | Build | Farm |
| 16:46 | Age | Feudal Age |
| 16:59 | Build | Market |
| 17:28 | Build | Blacksmith |
| 17:43 | Build | Farm |
| 18:19 | Create | Villager (Male) |
| 18:20 | Create | Villager (Male) |
| 19:12 | Research | Castle Age |
| 19:40 | Research | Stone Mining |
| 19:48 | Build | Lumber Camp |
| 20:10 | Research | Gold Mining |
| 20:38 | Research | Double-Bit Axe |
| 20:53 | Build | Barracks |
| 21:22 | Create | Villager (Male) |
| 21:22 | Create | Villager (Male) |
| 21:22 | Create | Villager (Male) |
| 21:23 | Create | Villager (Male) |
| 21:56 | Age | Castle Age |
| 22:11 | Create | Villager (Male) |
| 22:12 | Create | Villager (Male) |
| 22:18 | Build | Stable |
| 22:27 | Research | Forging |
| 23:21 | Build | Castle |
| 23:28 | Create | Villager (Male) |
| 23:28 | Create | Villager (Male) |
| 23:29 | Create | Villager (Male) |
| 23:39 | Create | Knight |
| 24:09 | Build | Town Center |
| 24:18 | Create | Villager (Male) |
| 24:19 | Create | Villager (Male) |
| 25:22 | Build | Mining Camp |
| 25:43 | Research | Bow Saw |
| 26:00 | Build | Farm |
| 26:00 | Build | Farm |
| 26:01 | Build | Farm |
| 26:01 | Build | Farm |
| 26:01 | Build | Farm |
| 26:02 | Build | Farm |
| 26:02 | Build | Farm |
| 26:03 | Build | Farm |
| 26:04 | Build | Farm |
| 26:05 | Build | Farm |
| 26:10 | Create | Villager (Male) |
| 26:11 | Create | Villager (Male) |
| 26:11 | Create | Villager (Male) |
| 26:11 | Create | Villager (Male) |
| 26:29 | Create | Villager (Male) |
| 26:29 | Create | Villager (Male) |
| 26:59 | Create | Knight |
| 26:59 | Create | Knight |
| 27:19 | Create | Villager (Male) |
| 27:19 | Create | Villager (Male) |
| 27:52 | Build | Town Center |
| 28:00 | Create | Villager (Male) |
| 28:00 | Create | Villager (Male) |
| 28:02 | Create | Villager (Male) |
| 28:02 | Create | Villager (Male) |
| 28:05 | Create | Villager (Male) |
| 28:05 | Create | Villager (Male) |
| 28:16 | Build | Lumber Camp |
| 28:32 | Build | Farm |
| 28:33 | Build | Farm |
| 28:33 | Build | Farm |
| 28:35 | Build | Farm |
| 28:36 | Build | Farm |
| 28:45 | Create | Villager (Male) |
| 28:45 | Create | Villager (Male) |
| 28:45 | Create | Villager (Male) |
| 29:04 | Create | Villager (Male) |
| 29:04 | Create | Villager (Male) |
| 29:06 | Create | Villager (Male) |
| 29:06 | Create | Villager (Male) |
| 29:45 | Research | Gold Shaft Mining |
| 29:56 | Research | Iron Casting |
| 30:32 | Build | Castle |
| 31:36 | Create | Villager (Male) |
| 31:36 | Create | Villager (Male) |
| 31:36 | Create | Villager (Male) |
| 31:36 | Create | Villager (Male) |
| 31:37 | Create | Villager (Male) |
| 31:37 | Create | Villager (Male) |
| 31:43 | Build | Farm |
| 31:43 | Build | Farm |
| 31:43 | Build | Farm |
| 31:43 | Build | Farm |
| 31:45 | Build | Farm |
| 31:46 | Build | Farm |
| 31:52 | Build | Farm |
| 31:58 | Create | Villager (Male) |
| 31:59 | Create | Villager (Male) |
| 31:59 | Create | Villager (Male) |
| 32:23 | Research | Imperial Age |
| 32:27 | Create | Villager (Male) |
| 32:27 | Create | Villager (Male) |
| 32:32 | Create | Villager (Male) |
Match timeline
| 12:46 | Sunset · first_building Barracks |
| 14:13 | iSorry · first_building Barracks |
| 14:49 | Wollof_08 / German Girl · age_up feudal |
| 14:53 | Sunset · age_up feudal |
| 15:05 | Sunset · first_building Stable |
| 15:27 | Wollof_08 / German Girl · wall_segment Stone Wall x6 |
| 15:54 | iSorry · age_up feudal |
| 16:25 | Wollof_08 / German Girl · wall_segment Stone Wall x15 |
| 16:46 | 西安兰花 · age_up feudal |
| 17:03 | iSorry · first_building Stable |
| 18:31 | Wollof_08 / German Girl · first_building Barracks |
| 18:51 | 西安兰花 · first_market_buy 100 food |
| 19:31 | Wollof_08 / German Girl · wall_segment Stone Wall x8 |
| 19:48 | Wollof_08 / German Girl · first_building Stable |
| 20:42 | iSorry · wall_segment Stone Wall x4 |
| 20:53 | 西安兰花 · first_building Barracks |
| 20:54 | Sunset · age_up castle |
| 21:56 | 西安兰花 · age_up castle |
| 22:18 | 西安兰花 · first_building Stable |
| 22:25 | iSorry · wall_segment Stone Wall x5 |
| 23:05 | Sunset · first_building Castle |
| 23:21 | 西安兰花 · first_building Castle |
| 23:34 | Sunset · first_market_sell 100 wood |
| 23:39 | Sunset · first_market_buy 100 food |
| 24:12 | Sunset · wall_segment Stone Wall x20 |
| 24:19 | Sunset · wall_segment Palisade Wall x9 |
| 24:24 | Wollof_08 / German Girl · first_market_buy 100 food |
| 25:51 | iSorry · wall_segment Stone Wall x1 |
| 25:57 | Sunset · first_building Siege Workshop |
| 26:46 | iSorry · first_building Archery Range |
| 27:30 | Wollof_08 / German Girl · age_up castle |
| 28:21 | Wollof_08 / German Girl · first_building Castle |
| 29:42 | Wollof_08 / German Girl · first_market_sell 100 wood |
| 31:13 | iSorry · age_up castle |
| 31:21 | Wollof_08 / German Girl · wall_segment Stone Wall x5 |
| 31:31 | Wollof_08 / German Girl · wall_segment Stone Wall x10 |
| 31:43 | Wollof_08 / German Girl · wall_segment Stone Wall x9 |
| 31:50 | iSorry · first_building Castle |
| 35:05 | iSorry · first_building Krepost |
| 35:33 | 西安兰花 · age_up imperial |
| 35:45 | 西安兰花 · first_market_sell 100 wood |
| 37:25 | iSorry · tribute_sent a jugador 1 |
| 37:25 | iSorry · tribute_sent a jugador 2 |
| 37:25 | iSorry · tribute_sent a jugador 4 |
| 38:33 | Wollof_08 / German Girl · resign |
[ AI ANALYSIS · 1 CREDIT ]
What really happened in this match?
Wolo.gg analyzes every decision: build order, eco, micro, common mistakes by bracket. Personalized analysis on WhatsApp or Discord in 30 seconds.
Civ guide
Burgundians
Map guide
African Clearing
Perfil
Wollof_08 / German Mum